[ AOE2 MATCH · #506931850 ]
UnrankedSicilians vs Teutons
Player's team · LOSS
Rival team · WIN
[ REPLAY ANALYSIS · EXTRACTED FROM THE RECORDED GAME ]
Feudal
—
Castle
—
Imperial
—
| APM avg | 36.4 |
| APM peak | 62 |
| eAPM avg | 17.3 |
| Villagers / military | 24 / 0 |
Focus
⚔️ 16.0% · 🌾 84.0%
Feudal
12:31
Castle
—
Imperial
—
| APM avg | 70.0 |
| APM peak | 137 |
| eAPM avg | 40.3 |
| Villagers / military | 21 / 0 |
Focus
⚔️ 11.6% · 🌾 88.4%
Match map
Initial resources + every placement click. Lines = walls · curves = elevation contours. ◆ gold · ⬟ stone · ● berries · ✦ relic · ◌ wall gap
Your base· Open — 5t gap
Matheito9585's base· Open — 5t gap
Smoothed initial terrain · ◌ = detected wall gap · hover for details
Inputs per minute
— Papapishu8352 - - Matheito9585
Build order — Papapishu8352
37 actions detected in the replay
| 0:00 | Queue | Villager (Male) |
| 0:01 | Queue | Villager (Male) |
| 0:01 | Queue | Villager (Male) |
| 0:05 | Build | House |
| 0:07 | Build | House |
| 0:11 | Queue | Villager (Male) |
| 0:12 | Queue | Villager (Male) |
| 0:55 | Research | Loom |
| 2:05 | Queue | Villager (Male) |
| 2:06 | Queue | Villager (Male) |
| 2:29 | Queue | Villager (Male) |
| 2:30 | Queue | Villager (Male) |
| 3:11 | Queue | Villager (Male) |
| 3:22 | Build | House |
| 3:37 | Build | Palisade Wall |
| 3:38 | Build | Palisade Wall |
| 4:17 | Build | Lumber Camp |
| 4:20 | Queue | Villager (Male) |
| 4:20 | Queue | Villager (Male) |
| 5:24 | Queue | Villager (Male) |
| 5:25 | Queue | Villager (Male) |
| 5:25 | Queue | Villager (Male) |
| 5:26 | Queue | Villager (Male) |
| 6:01 | Queue | Villager (Male) |
| 6:12 | Build | House |
| 6:14 | Build | Palisade Gate |
| 6:52 | Queue | Villager (Male) |
| 6:53 | Queue | Villager (Male) |
| 6:53 | Queue | Villager (Male) |
| 8:00 | Queue | Villager (Male) |
| 8:40 | Queue | Villager (Male) |
| 9:28 | Build | Town Center |
| 9:41 | Build | Town Center |
| 9:50 | Build | Mill |
| 10:23 | Queue | Villager (Male) |
| 10:37 | Queue | Villager (Male) |
| 13:05 | Build | Town Center |
Build order — Matheito9585
31 actions detected in the replay
| 0:06 | Queue | Villager (Male) |
| 0:06 | Queue | Villager (Male) ×3 |
| 0:07 | Build | House |
| 0:09 | Build | House |
| 1:32 | Queue | Villager (Male) |
| 1:59 | Queue | Villager (Male) |
| 1:59 | Queue | Villager (Male) |
| 2:23 | Build | Lumber Camp |
| 2:34 | Build | Palisade Wall |
| 2:38 | Build | House |
| 2:42 | Build | Palisade Wall |
| 2:45 | Queue | Villager (Male) |
| 2:53 | Build | Palisade Wall |
| 3:21 | Research | Loom |
| 3:29 | Queue | Villager (Male) |
| 4:57 | Queue | Villager (Male) |
| 5:04 | Build | House |
| 5:15 | Queue | Villager (Male) |
| 5:54 | Queue | Villager (Male) |
| 6:10 | Build | Mill |
| 6:42 | Queue | Villager (Male) |
| 7:16 | Queue | Villager (Male) ×5 |
| 7:43 | Queue | Villager (Male) |
| 7:55 | Build | House |
| 9:33 | Build | House |
| 10:21 | Research | Feudal Age |
| 12:31 | Age | Feudal Age |
| 12:37 | Build | Mill |
| 12:52 | Queue | Villager (Male) ×2 |
| 13:00 | Build | House |
| 13:11 | Build | Mining Camp |
Match timeline
| 2:34 | Matheito9585 · wall_segment Palisade Wall x4 |
| 2:42 | Matheito9585 · wall_segment Palisade Wall x3 |
| 2:53 | Matheito9585 · wall_segment Palisade Wall x1 |
| 3:37 | Papapishu8352 · wall_segment Palisade Wall x2 |
| 3:38 | Papapishu8352 · wall_segment Palisade Wall x2 |
| 12:31 | Matheito9585 · age_up feudal |
| 13:14 | Papapishu8352 · resign |
[ AI ANALYSIS · 1 CREDIT ]
What really happened in this match?
Wolo.gg analyzes every decision: build order, eco, micro, common mistakes by bracket. Personalized analysis on WhatsApp or Discord in 30 seconds.
Civ guide
Sicilians
Perfil
Jugador #19470619